cohdb
Replays
Latest Replays
All Replays
Popular Replays
Top Player Replays
Match Explorer
How It Works
Community
CoH3 Stats
Reddit
Sign in to upload your games and track your stats! →
Sign in with Steam
Match 42556389
Unlisted
Match 42556389
Overview
Messages
Build Orders
End
Panzerpioneer Squad
Panzerpioneer Squad
Selects Armored Support Battlegroup
Kradschützen Motorcycle Team
Construct Light Support Kompanie
MG34 Team
2.5-tonne Medical Truck
Selects Superior Fire Drills
Panzerjäger Squad
2.5-tonne Medical Truck
Panzerjäger Mechanized Group
MG34 Team
Construct Mechanized Kompanie
8 Rad Armored Car
8 Rad Armored Car
254 Reconnaissance Tractor
Vehicle Survival Package
2.5-tonne Medical Truck
Fire Support Elements
Pak 38 Mechanized Group
StuG III D Assault Gun
Panzergrenadier Squad
KOREAN TIGER
EasyNine
matjouz
Sarmynation
0
0
Comments
sign in to comment!
No comments posted yet!